AoeStats
← Your Mom

Black Forest

505483264Analyzed
2v2 RM · 23d ago on Sep 9, 2026· 134m 20s· 4 players
Game mode
Random Map
Map size
Medium (4 player)
Population
200
Speed
Normal
Resources
Standard
Victory
Conquest
Starting age
Dark Age
Ending age
Imperial Age
RankedLock teamsTeams togetherTeam positionsShared explorationLock speedFull tech treeHidden civsTurbo modeCheats
Victory
Defeat
🇩🇪 Khmer · Germany
848
+14
🇧🇬 Byzantines · Bulgaria
782
+44
🇪🇸 Bohemians · Spain
858
-18
🇪🇸 Slavs · Spain
748
-13
Denis
5:47 Loom
12:56 Feudal Age
16:01 Double-Bit Axe
18:57 Castle Age
18:16 Gold Mining
20:24 Stone Mining
28:35 Bow Saw
29:41 Pikeman
31:33 Squires
37:19 Imperial Age
35:32 Caravan
37:27 Halberdier
39:42 Conscription
43:01 Forging
42:52 Scale Mail Armor
42:57 Scale Barding Armor
42:44 Fletching
44:32 Wheelbarrow
45:08 Two-Man Saw
46:29 Iron Casting
46:09 Chain Mail Armor
46:14 Chain Barding Armor
49:36 Plate Mail Armor
49:41 Plate Barding Armor
49:02 Bodkin Arrow
52:46 Bracer
52:46 Padded Archer Armor
52:12 Elite Skirmisher
53:08 Thumb Ring
53:29 Gambesons
53:31 Arson
54:33 Leather Archer Armor
55:25 Chemistry
54:46 Ballistics
54:22 Murder Holes
54:38 Fortified Wall
56:50 Ring Archer Armor
56:07 Man-at-Arms
56:42 Horse Collar
57:14 Long Swordsman
59:10 Elite Cataphract
60:04 Logistica
64:12 Two-Handed Swordsman
69:06 Hoardings
69:51 Heavy Plow
69:47 Treadmill Crane
70:31 Hand Cart
72:22 Champion
86:40 Crop Rotation
86:21 Onager
87:54 Onager
112:17 Sanctity
112:09 Fervor
112:24 Block Printing
Your Mom
0:28 Loom
11:02 Feudal Age
12:19 Double-Bit Axe
23:50 Castle Age
22:12 Horse Collar
24:09 Bloodlines
24:55 Bow Saw
24:43 Gold Mining
25:07 Husbandry
35:59 Imperial Age
36:39 Scale Barding Armor
36:45 Forging
36:43 Heavy Plow
37:30 Wheelbarrow
37:38 Gold Shaft Mining
36:57 Stone Mining
39:44 Stone Shaft Mining
39:47 Scale Mail Armor
41:28 Conscription
43:24 Tusk Swords
43:13 Pikeman
45:48 Crop Rotation
45:36 Hand Cart
45:37 Halberdier
47:28 Caravan
47:45 Double Crossbow
47:12 Elite Battle Elephant
49:02 Chain Barding Armor
49:19 Iron Casting
48:59 Chain Mail Armor
48:36 Fletching
50:41 Heavy Scorpion
53:19 Elite Ballista Elephant
57:48 Capped Ram
61:12 Light Cavalry
61:55 Hussar
63:14 Plate Barding Armor
63:40 Blast Furnace
62:36 Bodkin Arrow
63:44 Siege Ram
Yaguito
1:25 Loom
11:39 Feudal Age
12:22 Double-Bit Axe
20:01 Castle Age
18:42 Horse Collar
20:37 Loom
21:32 Wheelbarrow
25:01 Gold Mining
25:47 Bow Saw
27:05 Heavy Plow
28:56 Hand Cart
30:56 Gold Shaft Mining
31:16 Pikeman
31:56 Squires
33:16 Man-at-Arms
36:34 Town Watch
39:48 Imperial Age
39:13 Scale Mail Armor
39:24 Forging
39:05 Fletching
39:16 Padded Archer Armor
39:22 Scale Barding Armor
39:30 Stone Mining
40:31 Town Patrol
41:43 Two-Man Saw
41:42 Crop Rotation
42:29 Murder Holes
42:47 Fortified Wall
42:33 Halberdier
43:58 Theocracy
43:37 Detinets
44:00 Conscription
45:18 Chemistry
45:12 Chain Barding Armor
45:27 Iron Casting
44:48 Bodkin Arrow
45:09 Leather Archer Armor
45:10 Chain Mail Armor
46:41 Druzhina
47:18 Hoardings
47:04 Cavalier
47:45 Husbandry
47:56 Bloodlines
47:06 Light Cavalry
47:12 Capped Ram
47:37 Long Swordsman
48:55 Sanctity
48:34 Herbal Medicine
48:19 Two-Handed Swordsman
48:42 Elite Boyar
50:37 Plate Barding Armor
50:33 Ring Archer Armor
55:52 Onager
57:16 Plate Mail Armor
57:47 Blast Furnace
64:01 Siege Onager
67:59 Masonry
67:54 Siege Engineers
67:41 Guard Tower
76:51 Champion
105:45 Hussar
116:06 Ballistics
118:45 Hussar
119:46 Crossbowman
119:46 Elite Skirmisher
trancas
1:20 Loom
10:33 Feudal Age
14:18 Double-Bit Axe
14:16 Horse Collar
19:29 Wheelbarrow
22:21 Castle Age
20:58 Fletching
22:22 Padded Archer Armor
23:09 Heavy Plow
23:23 Bow Saw
24:02 Crossbowman
24:44 Bodkin Arrow
26:56 Hand Cart
29:47 Chemistry
28:59 Fortified Wall
28:47 Murder Holes
29:09 Leather Archer Armor
29:04 Light Cavalry
30:25 Husbandry
31:43 Ballistics
31:11 Pikeman
31:52 Squires
40:13 Imperial Age
39:28 Forging
39:18 Scale Mail Armor
41:02 Iron Casting
41:02 Bracer
41:33 Ring Archer Armor
43:02 Houfnice
47:59 Two-Man Saw
50:46 Heavy Scorpion
53:16 Arson
54:54 Halberdier
55:58 Chain Mail Armor
57:27 Blast Furnace
55:55 Onager
58:14 Wagenburg Tactics
59:59 Plate Mail Armor
59:37 Siege Engineers
59:43 Masonry
62:00 Caravan
64:04 Scale Barding Armor
64:50 Town Watch
67:38 Elite Hussite Wagon
68:39 Conscription
72:14 Chain Barding Armor
74:15 Hussite Reforms
80:51 Capped Ram
82:08 Man-at-Arms
89:24 Long Swordsman
109:20 Two-Handed Swordsman
111:54 Champion
Connection lost

Rejoining the realm…

Still unreachable

The connection could not be restored.

Session expired

The server has moved on; the page needs a fresh start.